 Dungeon Crawl Stone Soup version 0.30-a0-702-gdf48620a09 (webtiles) character file.

Game seed: 15757803544452649765

37 browni3141 the Magician (level 3, 0/28 HPs)
             Began as a Djinni Fire Elementalist on Jan 21, 2023.
             Slain by Sigmund
             ... wielding a +0 antimagic scythe
              (9 damage)
             ... on level 2 of the Dungeon.
             The game lasted 00:04:23 (978 turns).

browni3141 the Magician (Djinni Fire Elementalist)   Turns: 978, Time: 00:04:24

Health: 0/28       AC:  2    Str:  7    XL:     3   Next: 60%
Gold:   64         EV: 12    Int: 16    God:
                   SH:  0    Dex: 15

rFire   + + .      SeeInvis .    (no weapon)
rCold   x . .      Faith    .    (no shield)
rNeg    . . .      Spirit   .    a - +0 robe
rPois   ∞          Reflect  .    (no helmet)
rElec   .          Harm     .    (no cloak)
rCorr   .          Rampage  .    (no gloves)
Will    .....                    (boots unavailable)
Stlth   ++                       (no amulet)
HPRegen 0.24/turn                (no ring)
MPRegen 0.00/turn                (no ring)

@: flying, very slightly contaminated
A: sickness immunity, fire resistance 2, cold vulnerability 1, float, innate
caster, HP casting, extra vitality 1
a: no special abilities


You were on level 2 of the Dungeon.
You visited 1 branch of the dungeon, and saw 2 of its levels.

You collected 64 gold pieces.

Inventory:

Armour
 a - a +0 robe (worn)
Scrolls
 e - a scroll of amnesia
 f - a scroll of enchant weapon
 i - a scroll of teleportation {unknown}
Potions
 b - a potion of magic
 c - a potion of mutation {unknown}
 d - 3 potions of curing {unknown}
 g - a potion of heal wounds {unknown}
 h - a potion of flight {unknown}
 j - a potion of cancellation {unknown}
 l - a potion of invisibility {unknown}
 m - a potion of lignification {unknown}


   Skills:
 - Level 2.0 Fighting
 - Level 2.1 Dodging
 - Level 1.5 Stealth
 * Level 3.0 Spellcasting


You couldn't memorise any spells.
You knew the following spells:

 Your Spells              Type           Power      Damage    Failure   Level
a - Foxfire               Conj/Fire      48%        2x1d6     5%          1
b - Scorch                Fire           24%        2d6       9%          2
c - Kindle Blastsparks    Fire/Tloc/Air  24%        2d12      16%         3
d - Inner Flame           Hex/Fire       12%        N/A       16%         3
e - Flame Wave            Conj/Fire      12%        2d6       47%         4
f - Magic Dart            Conj           48%        1d5       5%          1
Your spell library was empty.

Dungeon Overview and Level Annotations

Branches:
Dungeon (2/15)

Altars:

Annotations:
D:2 Sigmund


Innate Abilities, Weirdness & Mutations

You are immune to sickness and miasma.
You are immune to poison.
Your flesh is very heat resistant. (rF++)
You are vulnerable to cold. (rC-)
You float through the air rather than walking.
You learn spells naturally, not from books.
Your magical power is your life essence.
You have superior vitality. (+4 MHP)


Message History

Okay, then.
Press: ? - help, v - describe, . - travel
Here: Sigmund, wielding a +0 antimagic scythe and wearing a +0 robe (heavily wounded)
The floor.
Casting: Kindle Blastsparks (quite dangerous; 16% risk of failure)
Confirm with . or Enter, or press ? or * to list all spells.
The spell is quite dangerous to miscast (16% risk of failure)!
Continue anyway?
You miscast Kindle Blastsparks.
You are very lightly contaminated with residual magic.
Strange energies run through your body.
You are magically locked in place.
You cannot move.
Unknown command.
Casting: Foxfire (safe; 5% risk of failure)
Press: ? - help, Q - select action, (/) - cycle Dir - look around, f - activate You conjure some foxfire!
You are no longer locked in place.
Casting: Foxfire (safe; 5% risk of failure)
Press: ? - help, Q - select action, (/) - cycle Dir - look around, f - activate You conjure some foxfire!
The foxfire hits the dart slug.
The dart slug is moderately wounded.
The foxfire hits Sigmund.
Sigmund is heavily wounded.
The dart slug launches a dart at you. The slug dart hits you.
Casting: Foxfire (safe; 5% risk of failure)
Press: ? - help, Q - select action, (/) - cycle Dir - look around, f - activate You miscast Foxfire.
Nothing appears to happen.
The foxfire hits the dart slug.
The dart slug is heavily wounded.
The foxfire hits the dart slug.
The dart slug is severely wounded.
Casting: Foxfire (safe; 5% risk of failure)
Confirm with . or Enter, or press ? or * to list all spells.
Flames lash Sigmund.
Sigmund is severely wounded.
Sigmund's fire resistance burns away.
* * * LOW HITPOINT WARNING * * *
Sigmund hits you from afar with a +0 antimagic scythe!
You die...

#.......#.#######
#.#######.# ### #....
..# ##.###.. J..@ ..#
#...##.# ... ##.#
#...##.# #.. #.#
#...##.# .. #...##.#
.#
######...##.##.##.#.#
#....§@.@............
......§.........##....
##.....§.....).## #
######w..####.# #...#
#.# #...# #.# #...#
#.# #...# #.#


You could see Sigmund (combustible) and a dart slug.

Vanquished Creatures
  A dart slug (D:1)
  3 bats (D:1)
  4 endoplasms
  2 giant cockroaches (D:1)
  3 goblins (D:1)
  4 hobgoblins
  2 jackals (D:1)
  2 quokkas
  2 ball pythons (D:1)
  2 frilled lizards
  5 rats
30 creatures vanquished.

Vanquished Creatures (others)
  87 foxfires
87 creatures vanquished.

Grand Total: 117 creatures vanquished

Notes
Turn   | Place    | Note
-------+----------+-------------------------------------------
     0 | D:1      | browni3141 the Djinni Fire Elementalist began the quest for
                  | the Orb.
     0 | D:1      | browni3141 set off with the following spells memorised:
                  | Foxfire, Scorch, Kindle Blastsparks, Inner Flame, Flame
                  | Wave.
     0 | D:1      | Reached XP level 1. HP: 15/15 MP: 0/0
   127 | D:1      | Reached XP level 2. HP: 19/21 MP: 0/0
   231 | D:1      | Reached skill level 3 in Spellcasting
   332 | D:1      | Reached skill level 1 in Fighting
   335 | D:1      | Reached XP level 3. HP: 24/27 MP: 0/0
   335 | D:1      | Learned a level 1 spell: Magic Dart
   965 | D:2      | Noticed Sigmund
   978 | D:2      | Slain by Sigmund

Illustrated notes

Levels and vault maps discovered:
D:1:      saegor_arrival_simple_a, layout_loops_ring
D:2:      layout_loops_cross, basic_altar, serial_shops, nicolae_shop_crystal,
          uniq_sigmund

Skill      XL: |  1  2  3 |
---------------+----------+-----
Spellcasting   | 3 |  3.0
Fighting       | 1 2 |  2.0
Dodging        | |  2.1
Stealth        | |  1.5

Action                   || total
-------------------------++-------
Melee: Unarmed           ||     4
 Cast: Foxfire           ||    52
       Scorch            ||     1
       Kindle Blastspark ||     1
  Use: Scroll            ||     2
Armor: Robe              ||     1
Dodge: Dodged            ||     3

Table legend: (Time is in decaauts)
 A = Elapsed time spent in this place.
 B = Non-inter-level travel time spent in this place.
 C = Inter-level travel time spent in this place.
 D = Time resting spent in this place.
 E = Time spent auto-exploring this place.
 F = Levels seen in this place.
 G = Mean time per level.
                   A        B        C        D        E       F      G
               +--------+--------+--------+--------+--------+-----+--------+
         Total |    977 |    958 |     19 |      0 |    776 |   2 |  488.5 |
       Dungeon |    977 |    958 |     19 |      0 |    776 |   2 |  488.5 |
               +--------+--------+--------+--------+--------+-----+--------+

Top non-repeatable levels by time:
     D:1: 780 daAuts
     D:2: 197 daAuts
